 Dungeon Crawl Stone Soup version 0.25.1-1-g288607f5aa (webtiles) character file.

Game seed: 17294249273368363790

46 Descartes the Sneak (level 3, -1/14 HPs)
             Began as a Felid Wanderer on July 21, 2020.
             Slain by an adder (2 damage)
             ... on level 2 of the Dungeon.
             The game lasted 00:03:19 (2542 turns).

Descartes the Sneak (Felid Wanderer)                Turns: 2542, Time: 00:03:20

Health: -1/14      AC:  1    Str: 10    XL:     3   Next: 44%
Magic:  5/5        EV: 18    Int: 12    God:
Gold:   126        SH:  0    Dex: 15    Spells: 3/4 levels left
                                        Lives:  0   Deaths: 0

rFire    . . .     SeeInvis +     - Unarmed
rCold    . . .     Gourm    .   (shield unavailable)
rNeg     . . .     Faith    .   (armour unavailable)
rPois    .         Spirit   .   (helmet unavailable)
rElec    .         Reflect  .   (cloak unavailable)
rCorr    .         Harm     .   (gloves unavailable)
MR       .....                  (boots unavailable)
Stlth    +++.......             (no amulet)
HPRegen  0.04/turn              (no ring)
MPRegen  0.09/turn              (no ring)

@: lethally poisoned (-1 -> -6), quick
A: very small, no armour, no weapons or thrown items, stealth, claws 1, fangs 3,
see invisible, carnivore, speed 1, shaggy fur 1, slow metabolism 1, sharp paws
a: no special abilities


You were on level 2 of the Dungeon.
You were very full.

You visited 1 branch of the dungeon, and saw 2 of its levels.

You collected 126 gold pieces.

Inventory:

Missiles
 g - 57 stones
Scrolls
 b - 2 scrolls of fear
 c - 3 scrolls of teleportation {unknown}
 d - 10 scrolls of identify {unknown}
 h - a scroll of enchant weapon {unknown}
 k - a scroll of remove curse {unknown}
Potions
 a - a potion of haste
 e - 2 potions of might {unknown}
 i - a potion of heal wounds {unknown}
 j - a potion of degeneration {unknown}
Comestibles
 f - 3 rations


   Skills:
 + Level 2.9 Dodging
 + Level 4.3 Stealth
 - Level 3.0 Unarmed Combat
 - Level 1.0 Spellcasting
 - Level 1.7 Conjurations
   Level 3.0 Hexes


You had 3 spell levels left.
You knew the following spells:

 Your Spells              Type           Power        Failure   Level  Hunger
a - Foxfire               Conj/Fire      #...         22%         1    ##.....

Your spell library contained the following spells:

 Spells                   Type           Power        Failure   Level  Hunger
 Dazzling Flash           Conj/Hex       #.....       34%         3    ####...
 Corpse Rot               Necr/Air       N/A          41%         2    ###....
 Sublimation of Blood     Necr           #.........   41%         2    ###....


Dungeon Overview and Level Annotations

Branches:
Dungeon (2/15)

Altars:
Trog


Innate Abilities, Weirdness & Mutations

You cannot wear armour.
You are incapable of wielding weapons or throwing items.
Your paws allow you to move quietly. (Stealth)
You have sharp claws.
You have razor-sharp teeth.
You have supernaturally acute eyesight. (SInv)
You are carnivorous and can eat meat at any time.
You cover ground quickly.
You are covered in fur. (AC +1)
You have a slow metabolism.
Your sharp claws are effective at attacking unaware monsters.


Message History

Found 12 gold pieces.
Found a bloodstained altar of Trog.
A worm comes into view.
You scratch the worm.
The worm is lightly wounded.
The worm bites you!
Ouch! That really hurt!
You are too injured to fight recklessly!
The adder hisses angrily.
You closely miss the adder. The adder bites you.
* * * LOW HITPOINT WARNING * * *
You are lethally poisoned!
The adder poisons you!
You closely miss the adder.
* * * LOW HITPOINT WARNING * * *
You feel sick. The adder bites you.
* * * LOW HITPOINT WARNING * * *
You scratch the adder.
The adder is lightly wounded.
The adder closely misses you. The adder bites you.
You die...

......รท..# #.#........#
#...(..# .........#
#.##.####..###....#.#
.........#
#.##.####...##....#.#
.......#.#
#.##.......)#...#.#.#
#..#####.# #.
#...##.#.....#.#.# ##.#
.# # #...##.#.....#.#.#
#.
###.##...........##...#
..>......#..###...#...##
#.##.@S..## ##........ #
#....## #........
#.##....# #........
#.##....# #.....###
##.####..# ####...#
#...###.## ##...# #....
..# #..... #...# ###
...... #.S.# ......


You could see an adder.

Vanquished Creatures
  An adder (D:2)
  2 oozes
  6 giant cockroaches
  3 hobgoblins (D:1)
  2 ball pythons
  3 bats (D:1)
  2 frilled lizards
  3 goblins
  2 kobolds
  5 rats
29 creatures vanquished.

Notes
Turn   | Place    | Note
-------+----------+-------------------------------------------
     0 | D:1      | Descartes the Felid Wanderer began the quest for the Orb.
     0 | D:1      | Descartes set off with the following items: a potion of
                  | haste, a scroll of fear, a ration; and the following spell
                  | memorised: Foxfire; and the following spells available to
                  | memorise: Dazzling Flash, Corpse Rot, Sublimation of Blood
     0 | D:1      | Reached XP level 1. HP: 7/7 MP: 3/3
    73 | D:1      | Reached skill level 3 in Stealth
    92 | D:1      | Reached skill level 1 in Dodging
   164 | D:1      | Reached XP level 2. HP: 4/11 MP: 4/4
  1883 | D:2      | Reached skill level 4 in Stealth
  1939 | D:2      | Reached XP level 3. HP: 9/14 MP: 5/5
  2490 | D:2      | Found a bloodstained altar of Trog.
  2542 | D:2      | Slain by an adder

Illustrated notes

Levels and vault maps discovered:
D:1:      elethiomel_arrival_infinity_welcomes_careful_drivers,
          layout_loops_ring
D:2:      layout_rooms, lemuel_round_altar

Skill      XL: |  1  2 |
---------------+-------+-----
Stealth        | 3 4 |  4.3
Dodging        | 1 2 |  2.9
Unarmed Combat | |  3.0
Spellcasting   | |  1.0
Conjurations   | |  1.7
Hexes          | |  3.0

Action                   || total
-------------------------++-------
Melee: Unarmed           ||   100
       Bite              ||     5
       Punch             ||     3
 Stab: Sleeping          ||     6
  Eat: Chunk             ||     9
Armor: Skin              ||     9
Dodge: Dodged            ||    76
